 Dungeon Crawl Stone Soup version 0.29.1-15-g9cfb28693d (webtiles) character file.

Game seed: 9324253449510253030

9 croobank the Sneak (level 2, 0/21 HPs)
             Began as an Octopode Delver on Feb 23, 2023.
             Succumbed to an adder's poison
             ... in a sewer.
             The game lasted 00:02:26 (623 turns).

croobank the Sneak (Octopode Delver)                 Turns: 623, Time: 00:02:27

Health: 0/21       AC:  1    Str: 11    XL:     2   Next: 12%
Magic:  2/2        EV: 13    Int: 12    God:
Gold:   32         SH:  0    Dex: 13    Spells: 0/1 levels left

rFire   . . .      SeeInvis .   a - +0 hand axe
rCold   . . .      Faith    .   (no shield)
rNeg    . . .      Spirit   .   (helmet restricted)
rPois   .          Reflect  .   (no amulet)
rElec   .          Harm     .   (no ring)
rCorr   .          Rampage  .   (no ring)
Will    .....                   (no ring)
Stlth   ++++......              (no ring)
HPRegen 0.07/turn               (no ring)
MPRegen 0.08/turn               (no ring)
                                (no ring)
                                (no ring)

@: mighty, lethally poisoned (0 -> -6)
A: almost no armour, amphibious, 8 rings, camouflage 1, gelatinous body 1,
(nimble swimmer 1), tentacles
a: no special abilities


You were in a sewer.
You visited 1 branch of the dungeon, and saw 2 of its levels.
You also visited: Sewer.

You collected 32 gold pieces.

Inventory:

Hand Weapons
 a - a +0 hand axe (weapon)
 g - a +0 short sword
Wands
 f - a wand of digging (3)
Scrolls
 b - a scroll of fog
Potions
 e - a potion of haste
 h - a potion of lignification {unknown}


   Skills:
 + Level 3.1 Fighting
 + Level 2.2 Axes
 + Level 2.1 Dodging
 + Level 6.7 Stealth
 + Level 0.0 Spellcasting
 + Level 0.0 Conjurations


You couldn't memorise any spells.
You knew the following spells:

 Your Spells              Type           Power      Damage    Failure   Level
a - Magic Dart            Conj           0%         1d3       32%         1

Your spell library contained the following spells:

 Spells                   Type           Power      Damage    Failure   Level
 Searing Ray              Conj           0%         2d4       45%         2
 Fulminant Prism          Conj/Hex       0%         3d6       97%         4


Dungeon Overview and Level Annotations

Branches:
Dungeon (6/15)              Sewer (1/1)
 Temple: D:4-7

Altars:

Annotations:
Sewer Pargi


Innate Abilities, Weirdness & Mutations

You cannot wear most types of armour.
You are amphibious.
You can wear up to eight rings at the same time.
Your skin changes colour to match your surroundings (Stealth+).
Your rubbery body absorbs attacks. (AC +1, EV +1)
((You are camouflaged when in or above water. (Stealth+)))
You have tentacles for arms and can constrict up to eight enemies at once.


Message History

There is an open door here.
You hit Pargi.
Pargi is lightly wounded.
The bat hits you but does no damage. Pargi bites you but does no damage.
Pargi claws you. Pargi closely misses you.
You barely miss Pargi. Your squeeze misses Pargi.
Pargi is lightly wounded.
The bat hits you. Pargi barely misses you. Pargi claws you.
Pargi barely misses you.
You hit Pargi.
Pargi is lightly wounded.
The bat hits you. Pargi bites you. Pargi claws you. x2
You hit Pargi but do no damage.
Pargi is lightly wounded.
The bat barely misses you. Pargi bites you.
* * * LOW HITPOINT WARNING * * *
Pargi barely misses you. x2
As you read the scroll of fear, it crumbles to dust.
You assume a fearsome visage.
The bat looks frightened!
Pargi looks frightened!
Pargi nearly stumbles in trying to escape.
Cornered, the bat turns to fight!
As you open the door, it creaks loudly!
An adder comes into view.
The adder hisses angrily.
The adder closely misses you.
Found a scroll of fear.
You hit the adder. Your grab misses the adder.
The adder is lightly wounded.
The bat hits you.
* * * LOW HITPOINT WARNING * * *
The adder bites you.
* * * LOW HITPOINT WARNING * * *
You are lethally poisoned!
The adder poisons you!
Pargi snarls, "My home!
Leave!"
Okay, then.
Unknown command.
It was a potion of might.
You feel very mighty all of a sudden.
You die...

####.~≈~.####
#..'..∩....∩#
####.~≈~.####
#.~≈~.####
+.~≈~.'.[#
#.~≈~.####
####.~≈~.####
#?.S.~≈~.'.[#
#@~≈~.####
####b~≈~.####
#T.'T~≈~.'†.#
#############
#~≈~# #~≈~#
#~≈~# #~≈~#
#~≈~#


You could see Pargi, an adder and a bat.

Vanquished Creatures
  A worm (D:5)
  An orc (D:5)
  A giant cockroach (Sewer)
  A frilled lizard (Sewer)
  2 kobolds (Sewer)
6 creatures vanquished.

Notes
Turn   | Place    | Note
-------+----------+-------------------------------------------
     0 | D:5      | croobank the Octopode Delver began the quest for the Orb.
     0 | D:5      | Reached XP level 1. HP: 16/16 MP: 1/1
    13 | D:6      | Noticed an orc wizard
    14 | D:6      | Noticed an orc priest
    14 | D:6      | Noticed a gnoll bouda
   134 | D:5      | Found a glowing drain.
   410 | Sewer    | Entered a sewer
   546 | Sewer    | Reached XP level 2. HP: 21/21 MP: 2/2
   578 | Sewer    | Learned a level 1 spell: Magic Dart
   612 | Sewer    | Noticed Pargi
   623 | Sewer    | Succumbed to an adder's poison

Illustrated notes

Levels and vault maps discovered:
D:5:      layout_basic, fiery_altar_vehumet, trog_hazing_becter, serial_rivers,
          chequers_serial_rivers_marsh, chequers_serial_rivers_micro_e,
          chequers_serial_rivers_micro_d, chequers_serial_rivers_micro_a,
          cheibrodos_sewer_entry_bend, lexackson_kobold_supper, uniq_eustachio,
          uniq_menkaure, uniq_grinder
D:6:      hangedman_cross_stitches, layout_basic, minmay_temple_entry_ruins
Sewer:    kennysheep_door_sewer

Action                   || total
-------------------------++-------
Melee: Hand axe          ||    17
       Constrict         ||     1
       Tentacles         ||     1
  Use: Scroll            ||     3
       Potion            ||     1
 Stab: Sleeping          ||     5
Armor: Skin              ||     5
Dodge: Dodged            ||    19
